 Dungeon Crawl Stone Soup version 0.30-a0-149-g7f746667c4 (webtiles) character file.

Game seed: 11851133102051969904

53 Lolow the Grasshopper (level 3, -2/29 HPs)
             Began as a Palentonga Warper on Sept 26, 2022.
             Was a Believer of Fedhas.
             Slain by an adder (4 damage)
             ... on level 2 of the Dungeon.
             The game lasted 00:12:16 (1151 turns).

Lolow the Grasshopper (Palentonga Warper)           Turns: 1151, Time: 00:12:17

Health: -2/29      AC:  4    Str: 16    XL:     3   Next: 64%
Magic:  6/6        EV:  9    Int: 15    God:    Fedhas [**....]
Gold:   47         SH:  0    Dex:  9    Spells: 4/6 levels left

rFire   . . .      SeeInvis +    a - +0 mace
rCold   + . .      Faith    .    (no shield)
rNeg    . . .      Spirit   .    b - +0 leather armour
rPois   .          Reflect  .    (no helmet)
rElec   .          Harm     .    (no cloak)
rCorr   .          Rampage  .    (no gloves)
Will    .....                    (no barding)
Stlth   +.........               (no amulet)
HPRegen 0.09/turn                h - ring of protection from cold
MPRegen 0.10/turn                (no ring)

@: about to teleport
A: large, rugged brown scales 3, see invisible, deformed body, roll 1, armoured
tail
a: Rolling Charge, Renounce Religion, Wall of Briars


You were on level 2 of the Dungeon.
You worshipped Fedhas.
Fedhas was pleased with you.
You visited 1 branch of the dungeon, and saw 2 of its levels.

You collected 47 gold pieces.

Inventory:

Hand Weapons
 a - a +0 mace (weapon)
 e - a +0 short sword
 j - a +0 club
Missiles
 f - 17 stones (quivered)
 n - 2 atropa-tipped darts
Armour
 b - a +0 leather armour (worn)
 l - a +0 ring mail
Jewellery
 h - a ring of protection from cold (left hand)
 m - an amulet of guardian spirit
Scrolls
 c - 2 scrolls of blinking
 g - a scroll of poison
 i - a scroll of amnesia {unknown}
 k - a scroll of teleportation
Potions
 d - a potion of magic {unknown}
 o - 2 potions of mutation


   Skills:
 + Level 2.5 Fighting
 + Level 2.9 Maces & Flails
 + Level 0.6 Throwing
 + Level 1.2 Armour
 + Level 1.9 Dodging
 + Level 2.1 Spellcasting
 + Level 3.2 Translocations


You had 4 spell levels left.
You knew the following spells:

 Your Spells              Type           Power      Damage    Failure   Level
a - Blink                 Tloc           22%        N/A       11%         2

Your spell library contained the following spells:

 Spells                   Type           Power      Damage    Failure   Level
 Gell's Gravitas          Tloc           11%        N/A       22%         3
 Lesser Beckoning         Tloc           11%        N/A       22%         3
 Teleport Other           Tloc           11%        N/A       22%         3
 Freeze                   Ice            4%         1d3       26%         1
 Manifold Assault         Tloc           11%        N/A       58%         4
 Frozen Ramparts          Ice            2%         1d1       63%         3
 Hailstorm                Conj/Ice       1%         3d3       95%         4


Dungeon Overview and Level Annotations

Branches:
Dungeon (2/15)

Altars:
Fedhas


Innate Abilities, Weirdness & Mutations

You are completely covered in rugged brown scales. (AC +3, +7% HP)
You have supernaturally acute eyesight. (SInv)
Armour fits poorly on your strangely shaped body.
You can roll at nearby foes to attack.
You have a long armoured tail.


Message History

The adder bites you but does no damage.
You miss the adder.
The adder is lightly wounded.
The adder bites you. x2
You miss the adder.
The adder is lightly wounded.
The adder barely misses you. The adder bites you.
You barely miss the adder. You tail-slap the adder.
The adder is severely wounded.
The adder bites you but does no damage.
You miss the adder.
The adder is severely wounded.
The adder bites you.
You are poisoned.
The adder poisons you! The adder barely misses you.
You barely miss the adder.
The adder is severely wounded.
You feel sick. The adder barely misses you.
The adder bites you but does no damage.
You miss the adder.
The adder is severely wounded.
You feel sick. The adder bites you.
* * * LOW HITPOINT WARNING * * *
You closely miss the adder.
The adder is severely wounded.
You feel sick. The adder bites you.
* * * LOW HITPOINT WARNING * * *
The adder bites you but does no damage.
Unknown command.
Okay, then.
As you read the scroll of teleportation, it crumbles to dust.
You feel strangely unstable.
You feel sick.
You are no longer poisoned.
The adder bites you.
* * * LOW HITPOINT WARNING * * *
Unknown command.
The adder attacks as you move away! The adder closely misses you.
The adder bites you.
You die...
Fedhas appreciates your contribution to the ecosystem.

#. . ##.### . ..... #
#.#.##.# . #....#.# .
#...... § #...# # ≈#
#.###S##.# ≈≈ #..>.@...#
#≈ #####.#####
#........# #+#
#....###.# #.# #....#
#.# #...## ##.##
####..### ##...#####
#.......###.###........#
#.##.)......##..........


You could see an adder.

Vanquished Creatures
  2 adders (D:2)
  5 bats (D:1)
  3 endoplasms (D:1)
  A giant cockroach (D:1)
  8 goblins
  2 hobgoblins (D:1)
  2 quokkas (D:1)
  2 ball pythons (D:2)
  3 kobolds (D:1)
  3 rats
31 creatures vanquished.

Vanquished Creatures (collateral kills)
  A ball python (D:2)
1 creature vanquished.

Grand Total: 32 creatures vanquished

Notes
Turn   | Place    | Note
-------+----------+-------------------------------------------
     0 | D:1      | Lolow the Palentonga Warper began the quest for the Orb.
     0 | D:1      | Reached XP level 1. HP: 17/17 MP: 3/3
   178 | D:1      | Found a faded altar of an unknown god.
   196 | D:1      | Reached XP level 2. HP: 23/23 MP: 5/5
   203 | D:1      | Prayed at the altar of an unknown god.
   203 | D:1      | Became a worshipper of Fedhas Madash
   203 | D:1      | Reached * piety under Fedhas
   403 | D:1      | Learned a level 2 spell: Blink
   417 | D:1      | Reached skill level 1 in Armour
   824 | D:2      | Reached XP level 3. HP: 24/29 MP: 6/6
   970 | D:2      | Reached ** piety under Fedhas
  1151 | D:2      | Slain by an adder

Illustrated notes

Levels and vault maps discovered:
D:1:      eino_arrival_cavern_a, layout_rooms, ebering_ecumenical_altar_webs,
          minmay_misc_feat_columns
D:2:      layout_loops_corners, kennysheep_cluttered_room,
          small_statue_intersection

Skill      XL: |  1  2 |
---------------+-------+-----
Armour         | 1 |  1.2
Fighting       | |  2.5
Maces & Flails | |  2.9
Throwing       | |  0.6
Dodging        | |  1.9
Spellcasting   | |  2.1
Translocations | |  3.2

Action                   || total
-------------------------++-------
Melee: Mace              ||    82
       Tailslap          ||     7
Throw: Boomerang         ||     7
       Dart              ||     4
       Stone             ||     6
Invok: Wall of Briars    ||     1
 Abil: Rolling Charge    ||    15
  Use: Scroll            ||     4
Armor: Leather armour    ||    41
Dodge: Dodged            ||    42

Table legend: (Time is in decaauts)
 A = Elapsed time spent in this place.
 B = Non-inter-level travel time spent in this place.
 C = Inter-level travel time spent in this place.
 D = Time resting spent in this place.
 E = Time spent auto-exploring this place.
 F = Levels seen in this place.
 G = Mean time per level.
                   A        B        C        D        E       F      G
               +--------+--------+--------+--------+--------+-----+--------+
         Total |   1174 |   1174 |      0 |     62 |    720 |   2 |  587.0 |
       Dungeon |   1174 |   1174 |      0 |     62 |    720 |   2 |  587.0 |
               +--------+--------+--------+--------+--------+-----+--------+

Top non-repeatable levels by time:
     D:1: 794 daAuts
     D:2: 380 daAuts
